 Dungeon Crawl Stone Soup version 0.26.1-2-gb8aa6d0 (webtiles) character file.

Game seed: 5303003298275581762

175 Geeful the Skirmisher (level 5, -1/48 HPs)
             Began as a Hill Orc Abyssal Knight on May 12, 2021.
             Was a Believer of Lugonu.
             Slain by an ogre
             ... wielding a +0 giant spiked club
              (25 damage)
             ... on level 4 of the Dungeon.
             The game lasted 00:13:02 (3780 turns).

Geeful the Skirmisher (Hill Orc Abyssal Knight)     Turns: 3780, Time: 00:13:03

Health: -1/48      AC: 10    Str: 16    XL:     5   Next: 55%
Magic:  6/6        EV:  7    Int: 12    God:    Lugonu [**....]
Gold:   146        SH:  0    Dex: 10    Spells: 4/4 levels left

rFire    . . .     SeeInvis +   l - +1 war axe
rCold    . . .     Faith    .   (no shield)
rNeg     . . .     Spirit   .   n - +0 chain mail
rPois    .         Reflect  .   (no helmet)
rElec    .         Harm     .   (no cloak)
rCorr    .         Rampage  .   p - +0 pair of gloves
Will     .....                  (no boots)
Stlth    ..........             (no amulet)
HPRegen  0.16/turn              (no ring)
MPRegen  0.10/turn              i - ring of see invisible

@: no status effects
A: no striking features
a: Renounce Religion, Depart the Abyss, Bend Space


You were on level 4 of the Dungeon.
You worshipped Lugonu.
Lugonu was pleased with you.
You visited 1 branch of the dungeon, and saw 4 of its levels.
You visited the Abyss 1 time.

You collected 146 gold pieces.

Inventory:

Hand Weapons
 l - a +1 war axe (weapon)
Missiles
 k - 30 poisoned darts (quivered)
Armour
 n - a +0 chain mail (worn)
 p - a +0 pair of gloves (worn)
Jewellery
 i - a ring of see invisible (right hand)
Wands
 a - a wand of random effects (16)
Scrolls
 c - 3 scrolls of teleportation
 d - a scroll of fear
 g - 3 scrolls of identify
 j - 4 scrolls of enchant armour
 m - 2 scrolls of remove curse
 o - a scroll of amnesia
Potions
 b - a potion of haste
 e - a potion of lignification
 f - a potion of might
 h - a potion of berserk rage


   Skills:
 * Level 5.1 Fighting
 * Level 4.7 Axes
 * Level 3.8 Armour
 - Level 1.0 Dodging
 - Level 2.6 Invocations


You had 4 spell levels left.
You didn't know any spells.
Your spell library contained the following spells:

 Spells                   Type           Power        Failure   Level
 Confusing Touch          Hex            0%           100%        3
 Gell's Gravitas          Tloc           0%           100%        3
 Petrify                  Tmut/Erth      0%           100%        4
 Metabolic Englaciation   Hex/Ice        0%           100%        5
 Yara's Violent Unravell  Hex/Tmut       0%           100%        5


Dungeon Overview and Level Annotations

Branches:
Dungeon (4/15)
 Temple: D:4-7

Altars:


Message History

You barely miss the ogre.
The ogre is lightly wounded.
The ogre completely misses you.
You hit the ogre.
The ogre is moderately wounded.
The ogre barely misses you.
You barely miss the ogre.
The ogre is heavily wounded.
The ogre hits you with a +0 giant spiked club!!
Ouch! That really hurt!
You are too injured to fight recklessly!
You are too injured to fight recklessly!
You hit the ogre.
The ogre is severely wounded.
The ogre hits you but does no damage.
You completely miss the ogre.
The ogre is almost dead.
The ogre hits you with a +0 giant spiked club!!
Ouch! That really hurt!
You die...

....... ........ ...
....... ......#....
......(. #.....#.#.#
...?..(.## ..........
#....(#.###......#
#.......##......#....
#....(........#.#...##
#..O..##...##.#....
###@.......##..... .
#........##...##..
#.........#.....#..
........>.).....#.....
#.###............#.....
#..............)...
..........(.........
..[...........#<...##
...###........†....#


You could see an ogre (very poisoned).

Vanquished Creatures
  A hound skeleton (D:4)
  3 gnolls (D:2)
  6 adders
  2 oozes
  2 worms (D:2)
  A dart slug (D:2)
  3 leopard geckos
  2 orcs (D:3)
  4 giant cockroaches
  4 goblins
  7 hobgoblins
  4 jackals (D:2)
  5 kobolds (D:1)
  4 ball pythons
  5 bats
  6 frilled lizards
  4 rats
63 creatures vanquished.

Notes
Turn   | Place    | Note
-------+----------+-------------------------------------------
     0 | Abyss:1  | Geeful the Hill Orc Abyssal Knight began the quest for the
                  | Orb.
     0 | Abyss:1  | Reached XP level 1. HP: 19/19 MP: 2/2
    61 | Abyss:1  | Found a corrupted altar of Lugonu.
   112 | Abyss:1  | Noticed a golden eye
   113 | D:1      | Escaped the Abyss
   674 | D:1      | Reached * piety under Lugonu
   676 | D:1      | Reached skill level 1 in Dodging
   676 | D:1      | Reached XP level 2. HP: 27/27 MP: 3/3
   929 | D:1      | Reached skill level 4 in Fighting
  1122 | D:1      | Reached XP level 3. HP: 33/33 MP: 4/4
  1892 | D:2      | HP: 1/33 [gnoll/+0 spear (5)]
  1897 | D:2      | Reached XP level 4. HP: 12/41 MP: 5/5
  2160 | D:3      | Noticed Grinder
  2166 | D:3      | Paralysed by Grinder for 7 turns
  2426 | D:2      | Reached ** piety under Lugonu
  2724 | D:4      | Reached XP level 5. HP: 42/47 MP: 6/6
  2754 | D:4      | Noticed an ogre
  3382 | D:3      | Reached skill level 5 in Fighting
  3780 | D:4      | Slain by an ogre

Illustrated notes

Levels and vault maps discovered:
D:1:      evilmike_arrival_rings, layout_basic, minmay_misc_feat_cross,
          corner_web_ring, hex_intersection
D:2:      layout_basic, minmay_misc_feat_secret_circle, grunt_ministairs_6
D:3:      layout_loops_ring, uniq_grinder
D:4:      layout_cave_pools, ashenzari_altar_1, fedhas_altar_4

Skill      XL: |  1  2  3  4  5 |
---------------+----------------+-----
Dodging        | 1 |  1.0
Axes           | 3 4 |  4.7
Fighting       | 4 5 |  5.1
Armour         | 3 |  3.8
Invocations    | |  2.6

Action                   |  1- 3 |  4- 6 || total
-------------------------+-------+-------++-------
Melee: Hand axe          |   110 |    89 ||   199
       War axe           |       |    36 ||    36
Throw: Dart              |    16 |    18 ||    34
Invok: Depart the Abyss  |     1 |       ||     1
  Use: Potion            |     7 |       ||     7
       Scroll            |     6 |     6 ||    12
Armor: Leather armour    |    17 |       ||    17
       Ring mail         |     6 |    30 ||    36
       Chain mail        |       |    18 ||    18
Dodge: Dodged            |    65 |    64 ||   129
